 Dungeon Crawl Stone Soup version 0.22.1-1-ga44c0e5 (webtiles) character file.

333 Gorglomux the Ducker (level 6, 29/29 HPs)
             Began as a Felid Necromancer on Oct 22, 2018.
             Was a Believer of Dithmenos.
             Quit the game on level 7 of the Dungeon on Oct 25, 2018.
             The game lasted 00:19:01 (9881 turns).

Gorglomux the Ducker (Felid Necromancer)            Turns: 9881, Time: 00:19:02

Health: 29/29      AC:  2    Str:  4    XL:     6   Next: 27%
Magic:  11/11      EV: 21    Int: 18    God:    Dithmenos [**....]
Gold:   325        SH:  0    Dex: 17    Spells: 2/11 levels left
                                        Lives:  0   Deaths: 2

rFire    . . .     SeeInvis +     - Unarmed
rCold    . . .     Gourm    +   (shield unavailable)
rNeg     . . .     Faith    .   (armour unavailable)
rPois    .         Spirit   .   (helmet unavailable)
rElec    .         Reflect  .   (cloak unavailable)
rCorr    .         Harm     .   (gloves unavailable)
MR       .....                  (boots unavailable)
Stlth    ++++......             J - amulet of the gourmand
HPRegen  0.09/turn              (no ring)
MPRegen  0.12/turn              (no ring)

@: wreathed by umbra, quick
A: very small, no armour, no weapons or thrown items, stealth, claws 1, fangs 3,
see invisible, carnivore, speed 1, shaggy fur 2, slow metabolism 1, sharp paws
a: Shadow Step, Renounce Religion


You were on level 7 of the Dungeon.
You worshipped Dithmenos.
Dithmenos was pleased with you.
You were not hungry.

You visited 1 branch of the dungeon, and saw 7 of its levels.

You collected 325 gold pieces.

Inventory:

Jewellery
 J - an amulet of the gourmand (around neck)
Wands
 I - a wand of iceblast (9)
Scrolls
 c - 3 scrolls of remove curse {unknown}
 e - 2 scrolls of immolation {unknown}
 g - a scroll of amnesia {unknown}
 j - 3 scrolls of identify {unknown}
 l - 2 scrolls of fog {unknown}
 q - 4 scrolls of teleportation {unknown}
 t - 2 scrolls of magic mapping {unknown}
 K - a scroll of blinking {unknown}
Potions
 d - 2 potions of brilliance {unknown}
 f - a potion of haste {unknown}
 i - a potion of curing {unknown}
 n - 2 potions of flight {unknown}
 p - a potion of magic {unknown}
 r - a potion of heal wounds {unknown}
 v - 2 potions of agility {unknown}
Comestibles
 b - 14 rations


   Skills:
 + Level 4.7 Fighting
 + Level 5.3 Dodging
 + Level 4.5 Stealth
 - Level 3.0 Unarmed Combat
 - Level 3.1 Spellcasting
 - Level 3.4 Hexes
 - Level 3.5 Charms
 - Level 5.1 Necromancy


You had 2 spell levels left.
You knew the following spells:

 Your Spells              Type           Power        Failure   Level  Hunger
a - Pain                  Necr           ###.         1%          1    None
b - Animate Skeleton      Necr           N/A          1%          1    None
c - Confusing Touch       Hex            ###...       3%          1    None
v - Vampiric Draining     Necr           ###.......   6%          3    ###....
R - Regeneration          Chrm/Necr      ###.......   9%          3    ###....

Your spell library contained the following spells:

 Spells                   Type           Power        Failure   Level  Hunger
 Apportation              Tloc           #.....       16%         1    None
 Summon Small Mammal      Summ           #...         16%         1    None
 Animate Dead             Necr           N/A          21%         4    ####...


Dungeon Overview and Level Annotations

Branches:
Dungeon (7/15)
 Temple: D:4-7

Altars:
Dithmenos
Elyvilon
Gozag
Hepliaklqana
Okawaru
Sif Muna
Uskayaw
Yredelemnul
The Shining One

Annotations:
D:5 1 runed door, Zebedee's ghost, novice SpHu


Innate Abilities, Weirdness & Mutations

You cannot wear armour.
You are incapable of wielding weapons or throwing items.
Your paws allow you to move quietly. (Stealth)
You have sharp claws.
You have razor-sharp teeth.
You have supernaturally acute eyesight. (SInv)
You are carnivorous and can eat meat at any time.
You cover ground quickly.
You are covered in thick fur. (AC +2)
You have a slow metabolism.
Your sharp claws are effective at attacking unaware monsters.


Message History

The centaur wields a shortbow!
The centaur shoots an arrow!
The arrow hits you!!!
DANG You butt here an arrow!
Butt which spell? (? or * to list)
Okay, then!
Evoke which item? (* to show all) (? for menu, Esc to butt) Butt: Iceblast Butts: ? - help, Shift-Dir - straight line, f - centaur
Aim: a centaur, wielding a shortbow The mass of ice explodes!!!
The iceblast engulfs the centaur!
The centaur is moderately wounded!
The butt shoots an arrow!
The arrow hits butt!!! * * * don't die
* * * The centaur shoots an arrow!
The arrow hits you!!! rip You are now level 6!!!
You rejoin the land of the living!!!
Found a butt staircase leading down!
Are butt sure you want to abandon this character and quit the game? (Confirm

.........
...>.........
.............
..............
....#.........
.....#...<.....
###....#
.........
#....# ........
#@...# .......
#.......#
......
#....####
#.##.. #....#
#.. #....# ...#
#....# .##c
#....# ..
#....# .


There were no monsters in sight!

Vanquished Creatures
  An orc warrior (D:4)
  A sky beast (D:5)
  2 scorpions
  5 wights
  A crimson imp (D:6)
  2 hounds
  A jelly (D:5)
  A bullfrog skeleton (D:4)
  2 orc priests
  Ijyb (D:5)
  A centaur skeleton (D:5)
  An orc wizard (D:4)
  5 worker ants
  3 gnolls
  9 adders
  2 worms
  3 dart slugs
  8 leopard geckos
  16 orcs
  6 giant cockroaches
  11 goblins
  5 hobgoblins
  9 jackals
  A ball python (D:3)
  9 bats
  2 frilled lizards
  6 kobolds
  A leopard gecko skeleton (D:5)
  7 rats
122 creatures vanquished.

Notes
Turn   | Place    | Note
-------+----------+-------------------------------------------
     0 | D:1      | Gorglomux the Felid Necromancer began the quest for the
                  | Orb.
     0 | D:1      | Reached XP level 1. HP: 7/7 MP: 4/4
   105 | D:1      | Reached skill level 3 in Stealth
   717 | D:1      | Reached XP level 2. HP: 8/11 MP: 3/6
  1004 | D:2      | Found a shadowy altar of Dithmenos.
  1005 | D:2      | Found a hazy altar of Hepliaklqana.
  1007 | D:2      | Found a deep blue altar of Sif Muna.
  1340 | D:2      | Reached skill level 1 in Fighting
  1367 | D:2      | Became a worshipper of Dithmenos the Shadowed
  1643 | D:2      | Reached XP level 3. HP: 8/16 MP: 1/7
  1782 | D:2      | You fall through a shaft!
  1799 | D:2      | Learned a level 3 spell: Vampiric Draining
  1882 | D:2      | Noticed a hand axe
  1883 | D:2      | Noticed a hand axe
  1886 | D:2      | Found a hide-covered altar of Uskayaw.
  2054 | D:2      | Found an opulent altar of Gozag.
  2395 | D:2      | Found an iron altar of Okawaru.
  3726 | D:1      | Reached * piety under Dithmenos
  3987 | D:2      | Reached skill level 3 in Fighting
  3987 | D:2      | Reached XP level 4. HP: 21/21 MP: 6/8
  5144 | D:3      | Found a shadowy altar of Dithmenos.
  5494 | D:3      | Reached XP level 5. HP: 18/25 MP: 4/9
  6242 | D:4      | Reached skill level 3 in Dodging
  6246 | D:4      | Learned a level 1 spell: Animate Skeleton
  6474 | D:4      | Reached skill level 1 in Unarmed Combat
  6479 | D:4      | Learned a level 3 spell: Regeneration
  6699 | D:4      | Gained mutation: You are covered in thick fur. (AC +2)
                  | [Felid growth]
  6699 | D:4      | Reached XP level 6. HP: 23/29 MP: 3/10
  6867 | D:4      | Noticed an orc warrior
  7296 | D:4      | Killed an orc warrior
  7296 | D:4      | Reached skill level 3 in Unarmed Combat
  7623 | D:5      | Entered Level 5 of the Dungeon
  7635 | D:5      | Reached skill level 1 in Charms
  7635 | D:5      | Reached XP level 7. HP: 27/33 MP: 3/11
  8186 | D:5      | Noticed Zebedee's ghost (novice SpHu)
  8187 | D:5      | Found a runed door.
  8213 | D:5      | Reached skill level 3 in Charms
  8510 | D:5      | Found a white marble altar of Elyvilon.
  8525 | D:5      | Found a glowing golden altar of the Shining One.
  8548 | D:5      | Noticed Ijyb
  8554 | D:5      | Learned a level 1 spell: Confusing Touch
  8583 | D:5      | Killed Ijyb
  8583 | D:5      | Reached skill level 1 in Hexes
  8672 | D:5      | Found a basalt altar of Yredelemnul.
  8792 | D:5      | Noticed an angel
  8909 | D:5      | Reached skill level 3 in Hexes
  8929 | D:6      | Reached ** piety under Dithmenos
  9000 | D:6      | Slain by a wight
  9001 | D:6      | Reached XP level 6. HP: -1/29 MP: 8/11
  9063 | D:6      | Reached skill level 3 in Spellcasting
  9063 | D:6      | Reached XP level 7. HP: 30/33 MP: 12/12
  9880 | D:7      | HP: 1/33 [centaur/arrow (15)]
  9880 | D:7      | Shot with an arrow by a centaur
  9881 | D:7      | Reached XP level 6. HP: -8/29 MP: 11/11
  9881 | D:7      | Quit the game

Skill      XL: |  1  2  3  4  5  6  7 |
---------------+----------------------+-----
Stealth        | 3 4 |  4.5
Fighting       | 1 3 4 |  4.7
Dodging        | 4 5 |  5.3
Unarmed Combat | 2 3 |  3.0
Charms         | 1 3 |  3.5
Necromancy     | 5 |  5.1
Hexes          | 3 |  3.4
Spellcasting   | 3 |  3.1

Action                   |  1- 3 |  4- 6 |  7- 9 || total
-------------------------+-------+-------+-------++-------
Melee: Unarmed           |    10 |    63 |   155 ||   228
       Bite              |     1 |     5 |    12 ||    18
       Punch             |       |       |     1 ||     1
 Cast: Pain              |   111 |   139 |    35 ||   285
       Vampiric Draining |     2 |     3 |     3 ||     8
       Confusing Touch   |       |     1 |    13 ||    14
       Regeneration      |       |     1 |     2 ||     3
       Animate Skeleton  |       |     1 |     1 ||     2
Evoke: Wand              |       |       |     2 ||     2
 Stab: Sleeping          |     1 |     1 |     4 ||     6
       Confused          |       |       |     9 ||     9
  Eat: Chunk             |    15 |    11 |     6 ||    32
Armor: Skin              |     2 |     3 |     7 ||    12
Dodge: Dodged            |    33 |   115 |   131 ||   279
